 Dungeon Crawl Stone Soup version 0.28.0-43-g3370ac3207 (webtiles) character file.

Game seed: 6205272178192231678

109 sking99 the Sneak (level 4, 30/30 HPs)
             Began as an Octopode Brigand on Mar 17, 2022.
             Quit the game on level 3 of the Dungeon.
             The game lasted 00:03:42 (2844 turns).

sking99 the Sneak (Octopode Brigand)                Turns: 2844, Time: 00:03:43

Health: 30/30      AC:  1    Str: 10    XL:     4   Next: 89%
Magic:  4/4        EV: 13    Int: 13    God:
Gold:   83         SH:  5    Dex: 15    Spells: 3/3 levels left

rFire   . . .      SeeInvis .   m - +2 dagger (freeze)
rCold   . . .      Faith    .   (no shield)
rNeg    . . .      Spirit   .   (helmet restricted)
rPois   .          Reflect  +   i - amulet of reflection
rElec   .          Harm     .   (no ring)
rCorr   .          Rampage  .   (no ring)
Will    .....                   (no ring)
Stlth   ++++......              (no ring)
HPRegen 0.10/turn               (no ring)
MPRegen 0.09/turn               (no ring)
                                (no ring)
                                (no ring)

@: no status effects
A: almost no armour, amphibious, 8 rings, camouflage 1, gelatinous body 1,
(nimble swimmer 1), tentacles
a: no special abilities


You were on level 3 of the Dungeon.
You visited 1 branch of the dungeon, and saw 3 of its levels.

You collected 83 gold pieces.

Inventory:

Hand Weapons
 m - a +2 dagger of freezing (weapon)
Missiles
 b - 8 poisoned darts (quivered)
 c - 2 curare-tipped darts
Jewellery
 i - an amulet of reflection (around mantle)
Wands
 j - a wand of flame (21)
Scrolls
 d - a scroll of enchant armour {unknown}
 f - a scroll of magic mapping {unknown}
 g - a scroll of blinking {unknown}
 k - a scroll of teleportation {unknown}
 l - 2 scrolls of identify {unknown}
Potions
 a - a potion of degeneration {unknown}
 e - 2 potions of lignification {unknown}
 h - 2 potions of invisibility {unknown}


   Skills:
 + Level 2.6 Fighting
 * Level 3.3 Short Blades
 + Level 2.6 Throwing
 + Level 1.7 Dodging
 + Level 5.9 Stealth


You had 3 spell levels left.
You didn't know any spells.
Your spell library was empty.

Dungeon Overview and Level Annotations

Branches:
Dungeon (3/15)

Altars:


Innate Abilities, Weirdness & Mutations

You cannot wear most types of armour.
You are amphibious.
You can wear up to eight rings at the same time.
Your skin changes colour to match your surroundings (Stealth+).
Your rubbery body absorbs attacks. (AC +1, EV +1)
((You are camouflaged when in or above water. (Stealth+)))
You have tentacles for arms and can constrict up to eight enemies at once.


Message History

Things that are here:
a +0 short sword; a kobold corpse A giant cockroach comes into view.
Things that are here:
a +0 short sword; a kobold corpse The ball python bites you.
The ball python grabs you. The ball python constricts you.
You escape the ball python's grasp.
The ball python bites you. The ball python grabs you.
The ball python constricts you.
You hit the ball python. You freeze the ball python. You grab the ball python.
The ball python is severely wounded.
You constrict the ball python.
You kill the ball python!
A giant cockroach is nearby!
Things that are here:
a +0 short sword; a kobold corpse You catch the helpless giant cockroach completely off-guard!
You impale the giant cockroach!! You freeze the giant cockroach.
You kill the giant cockroach!
HP restored.
Found a stone staircase leading down.
l - 2 scrolls labelled MEARCH IW LOAL (gained 1)
There is an escape hatch in the ceiling here.
An orc comes into view. It is wielding a +0 club.
The orc moves out of view.
There is an escape hatch in the ceiling here.
A mysterious force pulls you upwards. The hatch slams shut behind you.
There is a stone staircase leading down here.
You climb downwards.
There is a stone staircase leading up here.
You catch the helpless orc completely off-guard!
You impale the orc!! You freeze the orc.
You kill the orc!
No target in view!
There is a stone staircase leading down here.
Things that are here:
a +0 club; a +0 leather armour
Found a stone staircase leading down.
Are you sure you want to abandon this character and quit the game? (Confirm with "yes".)

##...##.###.......##
## #
#......#####.#.####
..##.##..............#
...#.........#####...#
.....##....#..# #..#
#......##.#... ..#
#..#.####.#####
#....####.....
......#..@....#
..###.####....... # #
....... .......
....... .......
..>.... .......


There were no monsters in sight!

Vanquished Creatures
  An adder (D:2)
  4 gnolls (D:2)
  A dart slug (D:1)
  An orc (D:3)
  5 ball pythons
  7 endoplasms
  3 giant cockroaches
  5 goblins
  8 hobgoblins
  6 kobolds
  A quokka (D:2)
  7 bats
  6 frilled lizards
  4 rats
59 creatures vanquished.

Notes
Turn   | Place    | Note
-------+----------+-------------------------------------------
     0 | D:1      | sking99 the Octopode Brigand began the quest for the Orb.
     0 | D:1      | Reached XP level 1. HP: 14/14 MP: 1/1
   299 | D:1      | Reached XP level 2. HP: 19/19 MP: 2/2
   666 | D:1      | Reached XP level 3. HP: 24/24 MP: 3/3
  1402 | D:2      | Reached XP level 4. HP: 30/30 MP: 4/4
  2844 | D:3      | Quit the game

Illustrated notes

Levels and vault maps discovered:
D:1:      ebering_trefoil_twist, layout_basic, minmay_tromino_i4
D:2:      layout_basic
D:3:      layout_loops_cross, ebering_ghost_sewer_d, minmay_misc_feat_enclosed,
          kennysheep_generic_room_5, uniq_sigmund

Skill      XL: |  1  2  3 |
---------------+----------+-----
Short Blades   | 3 |  3.3
Fighting       | |  2.6
Throwing       | |  2.6
Dodging        | |  1.7
Stealth        | |  5.9

Action                   |  1- 3 |  4- 6 || total
-------------------------+-------+-------++-------
Melee: Dagger            |    77 |    33 ||   110
       Constrict         |    12 |     7 ||    19
       Tentacles         |     9 |     5 ||    14
 Stab: Sleeping          |    17 |     4 ||    21
       Distracted        |       |     2 ||     2
Armor: Skin              |     3 |       ||     3
Dodge: Dodged            |    35 |     9 ||    44
Block: Other             |     6 |     1 ||     7
       Reflection        |     2 |       ||     2
